 Dungeon Crawl Stone Soup version 0.17.0-28-g6e173f8 (webtiles) character file.

423 sugabear the Shield-Bearer (level 6, -3/32 HPs)
             Began as a Vine Stalker Fighter on Nov 22, 2015.
             Shot with an arrow of frost by a centaur (8 damage)
             ... on level 4 of the Dungeon.
             The game lasted 00:04:04 (2253 turns).

sugabear the Shield-Bearer (Vine Stalker Fighter)   Turns: 2253, Time: 00:04:05

Health: -3/32      AC:  6    Str: 18    XL:     6   Next: 95%
Magic:  0/7        EV:  8    Int:  8    God:
Gold:   271        SH:  9    Dex: 16    Spells: 0 memorised, 5 levels left

rFire  . . .     SeeInvis .     a - +0 rapier
rCold  . . .     Clarity  .     b - +0 scale mail
rNeg   . . .     SustAt   .     c - +0 shield
rPois  .         Gourm    .     (no helmet)
rElec  .         Spirit   +     (no cloak)
rCorr  .         Warding  .     (no gloves)
rMut   .         Stasis   .     (no boots)
MR     .....                    (no amulet)
Stlth  +.........               (no ring)
                                (no ring)

@: not resistant to hostile enchantments, very unstealthy
A: fangs 2, regeneration 2, magic shield, antimagic bite, no device heal 3, rot
immunity
a: no special abilities


You were on level 4 of the Dungeon.
You were hungry.

You visited 1 branch of the dungeon, and saw 4 of its levels.

You collected 271 gold pieces.

Inventory:

Hand Weapons
 a - a +0 rapier (weapon)
 p - a cursed -3 short sword
Armour
 b - a +0 scale mail (worn)
 c - a +0 shield (worn)
 i - a cursed +0 leather armour
Jewellery
 q - a cursed -3 ring of slaying {unknown}
Wands
 o - a wand of slowing (7)
Scrolls
 f - 5 scrolls of identify {unknown}
 g - 2 scrolls of remove curse {unknown}
 k - 2 scrolls of teleportation {unknown}
 m - a scroll of immolation {unknown}
 s - a scroll of magic mapping {unknown}
 t - a scroll of amnesia {unknown}
 v - 3 scrolls of recharging {unknown}
 x - a scroll of random uselessness {unknown}
Potions
 d - a potion of might
 h - 3 potions of curing {unknown}
 j - a potion of brilliance {unknown}
 l - a potion of cancellation {unknown}
 n - a potion of invisibility {unknown}
 r - a potion of agility
 w - a potion of experience {unknown}
 z - a potion of berserk rage {unknown}
 B - a potion of flight {unknown}
Comestibles
 e - 3 bread rations
 u - a meat ration
 A - a beef jerky


   Skills:
 + Level 3.4 Fighting
 + Level 3.0 Short Blades
 + Level 3.3 Armour
 + Level 1.6 Dodging
 * Level 3.7 Stealth
 + Level 4.0 Shields


You had 5 spell levels left.
You didn't know any spells.

Dungeon Overview and Level Annotations

Branches:
Dungeon (4/15)
 Temple: D:4-7

Altars:
Gozag
Makhleb
Nemelex Xobeh
Sif Muna
Zin


Innate Abilities, Weirdness & Mutations

You have extremely sharp teeth.
You heal very quickly.
When hurt, damage is shared between your health and your magic reserves.
Your bite disrupts and absorbs the magic of your enemies.
Potions and wands cannot restore your health.
You are immune to rotting.


Message History

The centaur barely misses you. You block the ogre's attack.
The centaur hits you.
You hit the ogre but do no damage. Your bite misses the ogre.
The ogre is moderately wounded.
The centaur barely misses you. The ogre barely misses you.
You hit the ogre. Your bite misses the ogre.
The ogre is heavily wounded.
The centaur hits you. The centaur barely misses you.
The ogre hits you with a giant club!
* * * LOW HITPOINT WARNING * * *
Unknown command.
You are too injured to fight recklessly!
You are too injured to fight recklessly!
Unknown command.
You are too injured to fight recklessly!
You are too injured to fight recklessly!
The centaur wields a shortbow.
The centaur shoots an arrow of frost.
You block the arrow of frost.
The centaur shoots an arrow of frost.
The arrow of frost hits you!
You die...

#.# #.# #.#
#.####### #.#
#.#
##........
..# #.#
..########
#####.#####
#.#######
#....#....#
#........
#.###.###.#
########. #.
#.#
..._##.###.##
#.....O..@..#
##.###c###..#
##.##...##..#
.......<....#
##.##...##..#
# ##.###..#
#. .... ##
..#


You could see an ogre and a centaur.

Vanquished Creatures
  Sigmund (D:2)
  A giant frog skeleton (D:4)
  2 orc priests (D:3)
  Terence (D:2)
  Robin (D:2)
  2 adders
  3 oozes
  4 worms
  2 giant geckos
  8 orcs (D:3)
  4 giant cockroaches
  16 goblins
  10 hobgoblins
  7 jackals (D:2)
  5 kobolds
  A ball python (D:2)
  4 bats (D:1)
  3 giant newts
  16 rats
91 creatures vanquished.

Notes
Turn   | Place    | Note
--------------------------------------------------------------
     0 | D:1      | sugabear the Vine Stalker Fighter began the quest for the Orb.
     0 | D:1      | Reached XP level 1. HP: 11/11 MP: 2/2
    87 | D:1      | Reached XP level 2. HP: 16/16 MP: 1/3
   245 | D:1      | Reached skill level 1 in Stealth
   245 | D:1      | Reached skill level 3 in Shields
   322 | D:1      | Reached XP level 3. HP: 19/19 MP: 4/4
   864 | D:2      | Noticed Terence
   894 | D:2      | Killed Terence
   894 | D:2      | Reached XP level 4. HP: 19/24 MP: 3/5
  1042 | D:2      | Found a deep blue altar of Sif Muna.
  1046 | D:2      | Noticed Robin
  1053 | D:2      | Killed Robin
  1061 | D:2      | Reached XP level 5. HP: 25/28 MP: 6/6
  1131 | D:3      | Reached skill level 1 in Dodging
  1443 | D:2      | Noticed Sigmund
  1456 | D:2      | Killed Sigmund
  1456 | D:2      | Gained mutation: You heal very quickly. [Vine Stalker growth]
  1456 | D:2      | Reached XP level 6. HP: 28/32 MP: 5/7
  1686 | D:3      | Found an opulent altar of Gozag.
  1760 | D:3      | Reached skill level 4 in Shields
  1807 | D:3      | Found a sparkling altar of Nemelex Xobeh.
  1840 | D:3      | Found a burning altar of Makhleb.
  2242 | D:4      | Found a glowing silver altar of Zin.
  2253 | D:4      | Shot with an arrow of frost by a centaur

Action                   |  1- 3 |  4- 6 || total
-------------------------+-------+-------++-------
Melee: Rapier            |    91 |   196 ||   287
 Stab: Sleeping          |       |     1 ||     1
  Eat: Chunk             |       |     4 ||     4
